 Dungeon Crawl Stone Soup version 0.27.0-1-g7a089689b8 (webtiles) character file.

Game seed: 861844019028704447

375 Goaboa the Conjurer (level 7, -3/52 HPs)
             Began as a Human Conjurer on Aug 9, 2021.
             Slain by Duvessa (12 damage)
             ... on level 4 of the Dungeon.
             The game lasted 00:25:34 (4109 turns).

Goaboa the Conjurer (Human Conjurer)                Turns: 4109, Time: 00:25:35

Health: -3/52      AC:  7    Str:  7    XL:     7   Next: 3%
Magic:  0/12       EV: 12    Int: 19    God:
Gold:   221        SH:  0    Dex: 13    Spells: 9/13 levels left

rFire    . . .     SeeInvis .   k - +2 quarterstaff (chaos)
rCold    . . .     Faith    .   (shield currently unavailable)
rNeg     . . .     Spirit   .   f - +0 leather armour
rPois    .         Reflect  .   c - +1 helmet
rElec    .         Harm     .   d - +0 cloak
rCorr    .         Rampage  .   h - +0 pair of gloves
Will     .....                  (no boots)
Stlth    ++........             (no amulet)
HPRegen  0.17/turn              (no ring)
MPRegen  0.13/turn              (no ring)

@: flying
A: no striking features
a: no special abilities


You were on level 4 of the Dungeon.
You visited 1 branch of the dungeon, and saw 4 of its levels.

You collected 221 gold pieces.

Inventory:

Hand Weapons
 b - a +0 hand axe
 k - a +2 quarterstaff of chaos (weapon)
Armour
 a - a +0 robe
 c - a +1 helmet (worn)
 d - a +0 cloak (worn)
 f - a +0 leather armour (worn)
 h - a +0 pair of gloves (worn)
Jewellery
 p - an amulet of faith
Wands
 o - a wand of mindburst (15)
Scrolls
 e - a scroll of brand weapon {unknown}
 g - a scroll of enchant weapon {unknown}
 i - a scroll of noise {unknown}
 j - 2 scrolls of teleportation {unknown}
 r - a scroll of silence {unknown}
 s - a scroll of magic mapping {unknown}
Potions
 l - a potion of attraction
 q - a potion of resistance {unknown}
 t - 2 potions of curing


   Skills:
 + Level 3.1 Fighting
 * Level 1.2 Staves
 + Level 3.9 Dodging
 - Level 2.0 Stealth
 + Level 3.6 Spellcasting
 - Level 4.4 Conjurations
 * Level 1.4 Ice Magic


You had 9 spell levels left.
You knew the following spells:

 Your Spells              Type           Power      Damage    Failure   Level
a - Magic Dart            Conj           80%        1d7       3%          1
b - Searing Ray           Conj           40%        3d4       5%          2
c - Freeze                Ice            32%        1d5       12%         1

Your spell library contained the following spells:

 Spells                   Type           Power      Damage    Failure   Level
 Dazzling Flash           Conj/Hex       22%        N/A       26%         3
 Frozen Ramparts          Ice            16%        1d3       36%         3
 Ozocubu's Armour         Ice            8%         N/A       36%         3
 Hailstorm                Conj/Ice       14%        3d5       54%         4
 Fulminant Prism          Conj/Hex       5%         3d7       65%         4
 Iskenderun's Mystic Bla  Conj/Tloc      11%        2d4       65%         4
 Ozocubu's Refrigeration  Ice            4%         4d5       100%        7


Dungeon Overview and Level Annotations

Branches:
Dungeon (4/15)
 Temple: D:4-7

Altars:

Shops:
D:2 [

Annotations:
D:4 Duvessa


Message History

Here: Duvessa, wielding a +0 short sword, wearing a +0 ring mail and carrying a wand of flame (20) (berserk)
The floor.
Duvessa is nearby!
Unknown command.
Aiming: Searing Ray (safe; 5% risk of failure)
Press: ? - help, Q - select action, (/) - cycle Shift-Dir - straight line, f/p - Duvessa
Aim: Duvessa, wielding a +0 short sword, wearing a +0 ring mail and carrying a wand of flame (20) (berserk, 84% to hit)
The searing ray hits Duvessa!
Duvessa is lightly wounded. (Press . to maintain the ray.)
The searing ray hits Duvessa.
Duvessa is lightly wounded.
Duvessa hits you but does no damage.
The searing ray hits Duvessa.
Duvessa is moderately wounded.
Duvessa barely misses you. Duvessa hits you with a +0 short sword!
The searing ray hits Duvessa!
Duvessa is heavily wounded.
You finish channeling your searing ray.
Duvessa hits you with a +0 short sword.
Aiming: Searing Ray (safe; 5% risk of failure)
Press: ? - help, Q - select action, (/) - cycle Shift-Dir - straight line, f/p - Duvessa
Aim: Duvessa, wielding a +0 short sword, wearing a +0 ring mail and carrying a wand of flame (20) (heavily wounded, berserk, 84% to hit)
Okay, then.
It was a potion of heal wounds.
You feel much better. Duvessa closely misses you.
Duvessa hits you with a +0 short sword!
Aiming: Searing Ray (safe; 5% risk of failure)
Press: ? - help, Q - select action, (/) - cycle Shift-Dir - straight line, f/p - Duvessa
Aim: Duvessa, wielding a +0 short sword, wearing a +0 ring mail and carrying a wand of flame (20) (heavily wounded, berserk, 84% to hit)
The searing ray hits Duvessa.
Duvessa is heavily wounded. (Press . to maintain the ray.) Duvessa hits you with a +0 short sword!
You hit Duvessa but do no damage.
Duvessa is heavily wounded.
Duvessa hits you with a +0 short sword! x2
* * * LOW HITPOINT WARNING * * *
You hit Duvessa but do no damage.
Duvessa seems to speed up.
Duvessa is heavily wounded.
Duvessa hits you with a +0 short sword!
You die...

#..# ..# #..# ... #..#
##..e..# #..# ..>...# #
#..#######
##.....#####.##........#
......................
........#####..##.# ..
..........e@......#
#.####.####.#.###..#### ##
##......####.#.####.###....
..........................#
##.####.####.#.####.#.#...#
........## #.#.# #.#.# .#
.........# #.#.# #.# #
.#.####(.###.#.####.#
....................#


You could see Duvessa (berserk, fast).

Vanquished Creatures
  Dowan (D:4)
  A jelly (D:4)
  Crazy Yiuf (D:2)
  An iguana (D:2)
  Ijyb (D:3)
  An orc wizard (D:3)
  Robin (D:2)
  7 adders
  A gnoll (D:3)
  4 worms
  3 dart slugs (D:3)
  3 orcs
  11 endoplasms
  6 giant cockroaches
  17 goblins
  10 hobgoblins
  3 jackals (D:2)
  A quokka (D:1)
  2 ball pythons (D:3)
  4 bats
  3 frilled lizards
  4 kobolds
  8 rats
94 creatures vanquished.

Vanquished Creatures (collateral kills)
  A hobgoblin (D:3)
1 creature vanquished.

Grand Total: 95 creatures vanquished

Notes
Turn   | Place    | Note
-------+----------+-------------------------------------------
     0 | D:1      | Goaboa the Human Conjurer began the quest for the Orb.
     0 | D:1      | Reached XP level 1. HP: 13/13 MP: 3/3
   286 | D:1      | Reached XP level 2. HP: 20/20 MP: 1/5
   537 | D:1      | Reached skill level 1 in Fighting
   906 | D:1      | Learned a level 2 spell: Searing Ray
   972 | D:2      | Reached XP level 3. HP: 26/26 MP: 4/6
   991 | D:2      | Found Fuatu's Armour Boutique.
  1443 | D:2      | Reached XP level 4. HP: 33/33 MP: 1/7
  1444 | D:2      | Noticed Robin
  1464 | D:2      | Killed Robin
  1927 | D:2      | Reached XP level 5. HP: 38/38 MP: 5/9
  2196 | D:2      | Found a runed translucent door.
  2197 | D:2      | Noticed Crazy Yiuf
  2263 | D:2      | Killed Crazy Yiuf
  2576 | D:3      | Noticed Ijyb
  2582 | D:3      | Killed Ijyb
  2583 | D:3      | Reached XP level 6. HP: 41/46 MP: 2/10
  2979 | D:3      | Learned a level 1 spell: Freeze
  3947 | D:4      | Reached skill level 1 in Staves
  3947 | D:4      | Reached skill level 1 in Ice Magic
  4050 | D:4      | Noticed Dowan
  4092 | D:4      | Noticed Duvessa
  4101 | D:4      | Killed Dowan
  4102 | D:4      | Reached XP level 7. HP: 49/52 MP: 6/12
  4109 | D:4      | Slain by Duvessa

Illustrated notes

Levels and vault maps discovered:
D:1:      amcnicky_arrival_abandoned_market, layout_basic
D:2:      layout_loops_cross, serial_shops, shop_coins, uniq_crazy_yiuf_cottage,
          uniq_robin
D:3:      minmay_thinvault, layout_basic, kennysheep_pointless_box,
          interstate_on_off, minmay_surrounded, uniq_ijyb
D:4:      layout_basic, kennysheep_little_box, lightli_temple_of_fire,
          uniq_duvessa

Skill      XL: |  1  2  3  4  5  6 |
---------------+-------------------+-----
Fighting       | 1 2 3 |  3.1
Dodging        | 3 |  3.9
Spellcasting   | 3 |  3.6
Staves         | 1 |  1.2
Ice Magic      | 1 |  1.4
Stealth        | |  2.0
Conjurations   | |  4.4

Action                   |  1- 3 |  4- 6 |  7- 9 || total
-------------------------+-------+-------+-------++-------
Melee: Unarmed           |     2 |       |       ||     2
       Hand axe          |     6 |    20 |       ||    26
       Quarterstaff      |       |    11 |     2 ||    13
 Cast: Magic Dart        |    55 |    26 |       ||    81
       Searing Ray       |     3 |    37 |     2 ||    42
  Use: Potion            |       |     6 |     1 ||     7
       Scroll            |       |     1 |       ||     1
Armor: Robe              |     2 |       |       ||     2
       Skin              |       |    46 |       ||    46
       Leather armour    |       |     8 |     1 ||     9
Dodge: Dodged            |     6 |    26 |     2 ||    34
